AoeStats
← Cuervo

Nomad

507646035Analyzed
4v4 RM · 13d ago on Sep 19, 2026· 52m 26s· 8 players
Game mode
Random Map
Map size
231×231
Population
200
Speed
Normal
Resources
Standard
Victory
Conquest
Starting age
Dark Age
Ending age
Imperial Age
RankedLock teamsTeams togetherTeam positionsShared explorationLock speedFull tech treeHidden civsTurbo modeCheats
Victory
Defeat
🇲🇽 Vikings · Mexico
1121
+15
🇪🇸 Burmese · Spain
1115
+16
🇵🇪 Huns · Peru
1090
+17
🇺🇸 Koreans · United States
1038
+19
🇨🇱 Burgundians · Chile
1143
-18
🇦🇷 Persians · Argentina
1104
-17
🇦🇷 Sicilians · Argentina
1095
-16
🇦🇷 Mongols · Argentina
1082
-16
Gitu
8:45 Loom
13:56 Feudal Age
15:46 Double-Bit Axe
15:53 Gold Mining
22:08 Castle Age
19:57 Horse Collar
22:22 Scale Mail Armor
32:40 Pikeman
35:05 Ballistics
35:01 Fletching
35:12 Padded Archer Armor
39:25 Bodkin Arrow
VZ | Thyrfing
7:59 Loom
17:45 Feudal Age
19:52 Double-Bit Axe
26:01 Fishing Lines
26:23 Gold Mining
28:30 Horse Collar
30:01 Gold Shaft Mining
29:39 Bow Saw
30:37 Wheelbarrow
32:56 Castle Age
31:55 Scale Barding Armor
32:00 Forging
31:54 Gillnets
34:36 Heavy Plow
34:59 Husbandry
34:19 Cavalier
36:11 Chain Barding Armor
36:27 Iron Casting
46:55 Imperial Age
50:54 Imperial Age
Cuervo
3:36 Loom
6:11 Loom
14:43 Feudal Age
19:30 Castle Age
18:30 Double-Bit Axe
21:10 Horse Collar
24:50 Wheelbarrow
28:27 Medium Warships
28:56 Stone Mining
29:27 Bow Saw
31:42 Bloodlines
33:53 Scale Barding Armor
33:59 Forging
39:02 Imperial Age
37:33 Hand Cart
38:00 Husbandry
38:26 Chain Barding Armor
38:49 Stone Shaft Mining
38:05 Gold Mining
38:39 Murder Holes
38:52 Town Watch
38:47 Cavalier
40:41 Chemistry
40:36 Heavy Plow
41:24 Gold Shaft Mining
40:22 Savar
42:29 Plate Barding Armor
42:30 Iron Casting
41:56 Scale Mail Armor
44:43 Crop Rotation
46:51 Two-Man Saw
45:45 Elite Skirmisher
46:31 Thumb Ring
46:14 Crossbowman
47:35 Kamandaran
47:48 Citadels
48:59 Town Patrol
48:56 Fletching
49:07 Padded Archer Armor
50:15 Bodkin Arrow
51:29 Leather Archer Armor
Zamba
13:40 Feudal Age
12:07 Loom
14:28 Horse Collar
14:37 Double-Bit Axe
21:22 Castle Age
22:36 Husbandry
24:44 Scale Barding Armor
25:35 Bloodlines
26:30 Wheelbarrow
29:59 Hand Cart
30:09 Chain Barding Armor
31:33 Forging
34:48 Iron Casting
35:08 Town Watch
41:43 Imperial Age
39:59 Fletching
41:35 Bodkin Arrow
41:49 Elite Skirmisher
43:11 Bracer
43:13 Padded Archer Armor
43:26 Bow Saw
45:10 Leather Archer Armor
46:08 Cavalier
48:38 Chemistry
48:00 Ballistics
51:22 Masonry
hugobsky
4:27 Loom
14:23 Feudal Age
20:43 Castle Age
20:20 Double-Bit Axe
28:49 Horse Collar
35:27 Imperial Age
33:54 Scale Mail Armor
34:07 Fletching
34:38 Scale Barding Armor
35:38 Chain Mail Armor
38:16 Plate Mail Armor
39:16 Pikeman
40:13 Bodkin Arrow
40:30 Forging
40:48 Gold Mining
40:49 Stone Mining
42:35 Conscription
43:26 Iron Casting
44:30 Elite Berserk
48:07 Blast Furnace
HectorSquash24
16:32 Feudal Age
18:06 Fishing Lines
22:06 Horse Collar
28:11 Castle Age
27:20 Double-Bit Axe
28:14 Stone Mining
29:53 Bow Saw
32:37 Loom
41:56 Heavy Plow
43:01 Pikeman
46:52 Wheelbarrow
49:33 Hand Cart
50:27 Gillnets
PilotePSP
4:55 Loom
19:13 Feudal Age
20:57 Double-Bit Axe
21:07 Fishing Lines
25:16 Castle Age
23:35 Bloodlines
25:58 Scale Barding Armor
26:17 Forging
26:46 Husbandry
27:15 Chain Barding Armor
28:51 Wheelbarrow
29:00 Gillnets
36:42 Horse Collar
37:17 Bow Saw
37:56 Town Watch
40:12 Marauders
43:20 Imperial Age
42:35 Fletching
43:21 Iron Casting
44:39 Hand Cart
45:04 Plate Barding Armor
45:04 Murder Holes
45:37 Ballistics
47:20 Blast Furnace
48:23 Bodkin Arrow
50:46 Chemistry
49:49 Bracer
49:59 Cavalier
51:12 Town Patrol
51:51 Guilds
52:12 Coinage
Señor JP
4:52 Loom
18:49 Feudal Age
19:30 Fishing Lines
23:32 Castle Age
22:02 Horse Collar
23:53 Scale Barding Armor
23:50 Padded Archer Armor
23:40 Fletching
24:59 Wheelbarrow
25:21 Heavy Plow
25:29 Stone Mining
25:29 Gold Mining
26:10 Hand Cart
25:41 Town Watch
26:02 Bodkin Arrow
26:32 Chain Barding Armor
26:36 Gillnets
28:55 Bloodlines
28:46 Husbandry
30:06 Gold Shaft Mining
30:07 Manipur Cavalry
30:39 Bodkin Arrow
31:38 Scale Mail Armor
31:02 Pikeman
31:42 Squires
31:28 Arson
36:29 Imperial Age
34:54 Murder Holes
35:19 Ballistics
35:10 Masonry
36:40 Chain Mail Armor
36:35 Forging
36:45 Elite Arambai
37:46 Conscription
38:11 Plate Barding Armor
37:37 Bracer
38:08 Plate Mail Armor
38:56 Chemistry
40:22 Halberdier
41:40 Town Patrol
42:32 Man-at-Arms
42:57 Gambesons
43:44 Plate Mail Armor
43:50 Iron Casting
46:57 Long Swordsman
48:36 Two-Handed Swordsman
Connection lost

Rejoining the realm…

Still unreachable

The connection could not be restored.

Session expired

The server has moved on; the page needs a fresh start.